 Dungeon Crawl Stone Soup version 0.30-a0-368-g86fb4627a9 (webtiles) character file.

Game seed: 16433061283364652408

7 qeuew the Shooter (level 2, 0/17 HPs)
             Began as a Tengu Hunter on Nov 18, 2022.
             Slain by a goblin
             ... wielding a +0 club
              (1 damage)
             ... on level 1 of the Dungeon.
             The game lasted 00:00:20 (51 turns).

qeuew the Shooter (Tengu Hunter)                      Turns: 51, Time: 00:00:21

Health: 0/17       AC:  3    Str: 11    XL:     2   Next: 4%
Magic:  3/3        EV: 12    Int:  9    God:
Gold:   0          SH:  0    Dex: 17    Spells: 1/1 levels left

rFire   . . .      SeeInvis .    a - +0 shortbow
rCold   . . .      Faith    .    (shield currently unavailable)
rNeg    . . .      Spirit   .    c - +0 leather armour
rPois   .          Reflect  .    (helmet restricted)
rElec   .          Harm     .    (no cloak)
rCorr   .          Rampage  .    (no gloves)
Will    .....                    (boots unavailable)
Stlth   ++........               (no amulet)
HPRegen 0.22/turn                (no ring)
MPRegen 0.08/turn                (no ring)

@: no status effects
A: beak, talons 3
a: no special abilities


You were on level 1 of the Dungeon.
You visited 1 branch of the dungeon, and saw 1 of its levels.

Inventory:

Hand Weapons
 a - a +0 shortbow (weapon)
Armour
 c - a +0 leather armour (worn)
Scrolls
 b - a scroll of immolation


   Skills:
 + Level 2.1 Fighting
 * Level 4.5 Ranged Weapons
 + Level 0.5 Armour
 + Level 2.3 Dodging
 - Level 1.0 Stealth


You had one spell level left.
You didn't know any spells.
Your spell library was empty.

Dungeon Overview and Level Annotations

Branches:
Dungeon (1/15)

Altars:


Innate Abilities, Weirdness & Mutations

You have a beak for a mouth.
You have claws for feet.


Message History

The jackal is moderately wounded.
The jackal bites you but does no damage. x2
The goblin barely misses you.
Fire: a) +0 shortbow
Press: ? - help, Q - select action Shift-Dir - straight line, f/p - jackal
Aim: a jackal (moderately wounded, 56% to hit)
You shoot an arrow. The arrow closely misses the jackal.
The jackal barely misses you. The goblin hits you with a +0 club.
* * * LOW HITPOINT WARNING * * *
The jackal barely misses you.
Fire: a) +0 shortbow
Press: ? - help, Q - select action Shift-Dir - straight line, f/p - jackal
Aim: a jackal (moderately wounded, 56% to hit)
You shoot an arrow. The arrow closely misses the jackal.
The jackal barely misses you. The goblin hits you but does no damage.
The jackal bites you but does no damage.
Fire: a) +0 shortbow
Press: ? - help, Q - select action Shift-Dir - straight line, f/p - jackal
Aim: a jackal (lightly wounded, 56% to hit)
You shoot an arrow. The arrow hits the jackal!
You kill the jackal!
The goblin hits you but does no damage. The goblin closely misses you.
The giant cockroach bites you but does no damage.
You have reached level 2!
You aren't carrying any potions.
Fire: a) +0 shortbow
Press: ? - help, Q - select action Shift-Dir - straight line, f - goblin
Aim: a goblin, wielding a +0 club (56% to hit)
You shoot an arrow. The arrow hits the goblin.
The goblin is heavily wounded.
The giant cockroach barely misses you. The goblin hits you with a +0 club.
* * * LOW HITPOINT WARNING * * *
Fire: a) +0 shortbow
Press: ? - help, Q - select action Shift-Dir - straight line, f/p - goblin
Aim: a goblin, wielding a +0 club (heavily wounded, 56% to hit)
You shoot an arrow. The arrow closely misses the goblin.
The giant cockroach bites you.
* * * LOW HITPOINT WARNING * * *
The goblin hits you with a +0 club.
You die...

... .. . #.# .#.#
#..#†#.# #.#.... #
#....# ######
#.#...### #§...#
#.#gB...#
###§≈≈.#####.†@..#
#<'§§§.'.'.###.###
#.'.§≈|'.'.......#
###.≈≈.###.#...#.#
#....##......#.#
########.#...# #
#....#...#
#.######## #


You could see a giant cockroach and a goblin.

Vanquished Creatures
  A bat (D:1)
  A hobgoblin (D:1)
  3 jackals (D:1)
  A frilled lizard (D:1)
6 creatures vanquished.

Notes
Turn   | Place    | Note
-------+----------+-------------------------------------------
     0 | D:1      | qeuew the Tengu Hunter began the quest for the Orb.
     0 | D:1      | Reached XP level 1. HP: 12/12 MP: 2/2
    50 | D:1      | Reached XP level 2. HP: 5/17 MP: 3/3
    51 | D:1      | Slain by a goblin

Illustrated notes

Levels and vault maps discovered:
D:1:      lightli_arrival_lavapool, layout_basic

Action                   || total
-------------------------++-------
 Fire: Shortbow          ||    18
Armor: Leather armour    ||    10
Dodge: Dodged            ||    15

Table legend: (Time is in decaauts)
 A = Elapsed time spent in this place.
 B = Non-inter-level travel time spent in this place.
 C = Inter-level travel time spent in this place.
 D = Time resting spent in this place.
 E = Time spent auto-exploring this place.
 F = Levels seen in this place.
 G = Mean time per level.
                   A        B        C        D        E       F      G
               +--------+--------+--------+--------+--------+-----+--------+
         Total |     56 |     56 |      0 |      0 |     31 |   1 |   56.0 |
       Dungeon |     56 |     56 |      0 |      0 |     31 |   1 |   56.0 |
               +--------+--------+--------+--------+--------+-----+--------+

Top non-repeatable levels by time:
     D:1: 56 daAuts
